 Dungeon Crawl Stone Soup version 0.26-a0-466-g989023bd0d (webtiles) character file.

Game seed: 13801772767201709378

33 Goblin1989 the Sneak (level 3, -1/29 HPs)
             Began as a Demonspawn Delver on Aug 4, 2020.
             Slain by a river rat (6 damage)
             ... in a sewer.
             The game lasted 00:01:07 (132 turns).

Goblin1989 the Sneak (Demonspawn Delver)             Turns: 132, Time: 00:01:08

Health: -1/29      AC:  3    Str: 13    XL:     3   Next: 12%
Magic:  3/3        EV: 12    Int: 11    God:
Gold:   0          SH:  0    Dex: 14    Spells: 2/2 levels left

rFire    . . .     SeeInvis .   a - +0 mace
rCold    . . .     Faith    .   (no shield)
rNeg     . . .     Spirit   .   b - +0 leather armour
rPois    .         Reflect  .   (no helmet)
rElec    .         Harm     .   (no cloak)
rCorr    .                      (no gloves)
MR       .....                  (no boots)
Stlth    ++........             (no amulet)
HPRegen  0.09/turn              (no ring)
MPRegen  0.08/turn              (no ring)

@: no status effects
A: powered by pain 1
a: no special abilities


You were in a sewer.
You visited 1 branch of the dungeon, and saw 1 of its levels.
You also visited: Sewer.

Inventory:

Hand Weapons
 a - a +0 mace (weapon)
Missiles
 N - 13 bolts
Armour
 b - a +0 leather armour (worn)
Wands
 g - a wand of digging (3) {@v1}
Scrolls
 c - a scroll of fog
 e - a scroll of fear
 M - a scroll of magic mapping
 O - a scroll of noise {unknown}
Potions
 f - a potion of haste {@q3,}


   Skills:
 - Level 3.0 Fighting
 + Level 3.3 Maces & Flails
 - Level 1.7 Dodging
 - Level 4.5 Stealth


You had 2 spell levels left.
You didn't know any spells.
Your spell library was empty.

Dungeon Overview and Level Annotations

Branches:
Dungeon (5/15)              Sewer (1/1)
 Temple: D:4-7

Altars:


Innate Abilities, Weirdness & Mutations

You sometimes gain a little power by taking damage.


Message History

You start resting.
A giant cockroach is nearby!
The giant cockroach bites you.
You take 1 damage, and have 15/29 hp.
The giant cockroach barely misses you.
You barely miss the giant cockroach.
The giant cockroach bites you but does no damage.
You hit the giant cockroach.
The giant cockroach is almost dead.
The giant cockroach bites you but does no damage.
The giant cockroach barely misses you.
You hit the giant cockroach but do no damage.
The giant cockroach is almost dead.
The giant cockroach bites you but does no damage.
You closely miss the giant cockroach.
The giant cockroach is almost dead.
The giant cockroach bites you but does no damage. x2
You hit the giant cockroach but do no damage.
The giant cockroach is almost dead.
The giant cockroach bites you but does no damage.
You hit the giant cockroach.
You kill the giant cockroach!
You see here a giant cockroach corpse.
You open the door.
A river rat comes into view.
There is an open door here.
You see here a giant cockroach corpse.
You hear the slow rusting of a drain.
You hit the giant cockroach.
The giant cockroach is almost dead.
The giant cockroach barely misses you. x2
You closely miss the giant cockroach.
The giant cockroach is almost dead.
The giant cockroach bites you.
You take 1 damage, and have 15/29 hp.
You closely miss the giant cockroach.
The giant cockroach is almost dead.
The giant cockroach closely misses you. The giant cockroach misses you.
You thump the giant cockroach!
You kill the giant cockroach!
You barely miss the rat. The rat bites you.
* * * LOW HITPOINT WARNING * * *
You take 3 damage, and have 12/29 hp.
You hit the rat.
You kill the rat!
You closely miss the rat. The rat barely misses you.
You hit the rat.
You kill the rat!
Things that are here:
a rat corpse; a giant cockroach corpse
There is an open door here.
An adder skeleton comes into view.
Things that are here:
a rat corpse; a giant cockroach corpse A rat is nearby!
You hit the rat.
The rat is severely wounded.
The rat misses you. The rat closely misses you.
You sock the rat!
You kill the rat!
A jelly comes into view.
Things that are here:
a rat corpse; a giant cockroach corpse
Things that are here:
a rat corpse; a giant cockroach corpse The adder skeleton barely misses you.
There is an open door here.
You enter the shallow water.
Moving in this stuff is going to be slow.
The adder skeleton closely misses you. The giant cockroach barely misses you.
The adder skeleton barely misses you. The giant cockroach closely misses you.
The giant cockroach splashes around in the water.
The adder skeleton barely misses you.
There is a glowing drain here.
The giant cockroach splashes around in the water.
The adder skeleton closely misses you.
The world spins around you as you enter the gateway.
You enter a sewer! 2 rats and 2 river rats come into view.
Found a gate leading back out of this place.
There is an empty arch of ancient stone here.
There is a gate leading back out of this place here.
The river rat barely misses you.
You closely miss the river rat. The river rat barely misses you. x2
You hit the river rat.
The river rat is moderately wounded.
The river rat bites you!
* * * LOW HITPOINT WARNING * * *
You take 7 damage, and have 8/29 hp.
MASSIVE DAMAGE!!
You closely miss the river rat.
The river rat is moderately wounded.
The river rat bites you.
* * * LOW HITPOINT WARNING * * *
You take 3 damage, and have 5/29 hp.
You hit the river rat.
The river rat is heavily wounded.
The rat twitches its whiskers.
The river rat bites you.
You die... ███ █.█ █.█ █r█ █@█ █∩█ █.█ █r█ █r█ █.█ █.█ █r█ █.█

You could see 2 river rats and 2 rats.

Vanquished Creatures
  A centaur skeleton (D:5)
  2 giant cockroaches (D:5)
  3 rats (D:5)
6 creatures vanquished.

Notes
Turn   | Place    | Note
-------+----------+-------------------------------------------
     0 | D:5      | Goblin1989 the Demonspawn Delver began the quest for the
                  | Orb.
     0 | D:5      | Reached XP level 1. HP: 18/18 MP: 1/1
    15 | D:5      | Found a glowing drain.
    33 | D:5      | Gained mutation: You sometimes gain a little power by
                  | taking damage. [demonic ancestry]
    33 | D:5      | Reached XP level 2. HP: 9/24 MP: 2/2
    33 | D:5      | Reached XP level 3. HP: 11/29 MP: 3/3
   125 | Sewer    | Entered a sewer
   132 | Sewer    | Slain by a river rat

Illustrated notes

Levels and vault maps discovered:
D:5:      layout_cave_pods, portal_sewer_entry_c, kennysheep_generic_room_15
Sewer:    sewer_kobolds

Skill      XL: |  1 |
---------------+----+-----
Maces & Flails | 3 |  3.3
Fighting       | |  3.0
Dodging        | |  1.7
Stealth        | |  4.5

Action                   || total
-------------------------++-------
Melee: Mace              ||    27
Armor: Leather armour    ||     8
Dodge: Dodged            ||    27

Table legend: (Time is in decaauts)
 A = Elapsed time spent in this place.
 B = Non-inter-level travel time spent in this place.
 C = Inter-level travel time spent in this place.
 D = Time resting spent in this place.
 E = Time spent auto-exploring this place.
 F = Levels seen in this place.
 G = Mean time per level.
                   A        B        C        D        E       F      G
               +--------+--------+--------+--------+--------+-----+--------+
         Total |    139 |    139 |      0 |     40 |      0 |   2 |   69.5 |
       Dungeon |    131 |    131 |      0 |     40 |      0 |   1 |  131.0 |
         Sewer |      7 |      7 |      0 |      0 |      0 |   1 |    7.0 |
               +--------+--------+--------+--------+--------+-----+--------+

Top non-repeatable levels by time:
     D:5: 131 daAuts
   Sewer: 7 daAuts
